 Dungeon Crawl Stone Soup version 0.20-a0-556-g892c87b (webtiles) character file.

7382 drasked the Thaumaturge (level 10, -4/50 HPs)
             Began as a Deep Elf Fire Elementalist on Feb 4, 2017.
             Was an Elder of Vehumet.
             Slain by a two-headed ogre
             ... wielding a +0 dire flail
              (19 damage)
             ... on level 9 of the Dungeon.
             The game lasted 00:46:07 (11585 turns).

drasked the Thaumaturge (DEFE)                     Turns: 11585, Time: 00:46:08

Health: -4/50      AC:  5    Str:  5    XL:     10   Next: 92%
Magic:  28/28      EV: 16    Int: 27    God:    Vehumet [****..]
Gold:   636        SH:  0    Dex: 15    Spells: 16/34 levels left

rFire    . . .     SeeInvis .   C - +2 flail (protect)
rCold    . . .     Gourm    .   x - +0 robe (curse)
rNeg     . . .     Faith    .   (no shield)
rPois    .         Spirit   .   (no helmet)
rElec    .         Reflect  .   t - +2 cloak
rCorr    .         Harm     +   (no gloves)
MR       +....                  (no boots)
Stlth    ++........             u - amulet of harm
Regen    0.2/turn               Q - +3 ring of intelligence
                                F - +3 ring of evasion

@: no status effects
A: no striking features
a: Renounce Religion


You were on level 9 of the Dungeon.
You worshipped Vehumet.
Vehumet was greatly pleased with you.
You were very hungry.

You visited 2 branches of the dungeon, and saw 10 of its levels.

You collected 636 gold pieces.

Inventory:

Hand Weapons
 C - a +2 flail of protection (weapon)
   (You took it off an orc on level 5 of the Dungeon)
 N - a +0 flail of holy wrath
   (You took it off an orc on level 7 of the Dungeon)
Missiles
 I - 4 tomahawks of dispersal {=f}
 P - 4 curare-tipped needles
Armour
 t - a +2 cloak (worn)
   (You found it on level 3 of the Dungeon)
 x - a cursed +0 robe (worn)
   (You found it on level 4 of the Dungeon)
Jewellery
 e - a +3 ring of dexterity
   (You took it off a goblin on level 1 of the Dungeon)
 n - a +5 amulet of reflection
   (You found it on level 3 of the Dungeon)
 u - an amulet of harm (around neck)
   (You found it on level 4 of the Dungeon)
 D - a +2 ring of protection
   (You found it on level 5 of the Dungeon)
 F - a +3 ring of evasion (left hand)
   (You found it on level 5 of the Dungeon)
 Q - a +3 ring of intelligence (right hand)
   (You found it on level 8 of the Dungeon)
Wands
 E - a wand of digging (2/24)
   (You took it off a crimson imp on level 5 of the Dungeon)
 H - a wand of lightning (9/15)
   (You found it on level 6 of the Dungeon)
Scrolls
 a - a scroll of immolation {unknown}
 d - a scroll of random uselessness {unknown}
 f - 9 scrolls of remove curse
 g - 5 scrolls of identify
 k - a scroll of amnesia {unknown}
 l - 3 scrolls of enchant weapon {unknown}
 o - a scroll of noise {unknown}
 p - 2 scrolls of fog {unknown}
 v - 3 scrolls of recharging {unknown}
 w - 2 scrolls of magic mapping {unknown}
 y - 2 scrolls of enchant armour {unknown}
 z - 6 scrolls of teleportation {unknown}
 J - a scroll of fear {unknown}
Potions
 h - a potion of cure mutation {unknown}
 i - a potion of agility {unknown}
 j - 2 potions of invisibility {unknown}
 m - 2 potions of brilliance {unknown}
 r - 3 potions of ambrosia {unknown}
 s - 3 potions of curing
 B - 2 potions of cancellation {unknown}
 G - a potion of heal wounds {unknown}
 K - 2 potions of flight {unknown}
 O - 2 potions of mutation {unknown}
 S - a potion of might {unknown}
 U - a potion of haste {unknown}
 V - a potion of resistance {unknown}
 W - a potion of beneficial mutation {unknown}
Books
 b - a book of Flames
Comestibles
 c - 12 bread rations {@e1}
 q - 7 fruits
 A - 4 royal jellies
 L - a meat ration {@e2}


   Skills:
 - Level 2.4 Dodging
 - Level 2.4 Stealth
 + Level 12.9 Spellcasting
 + Level 10.9 Conjurations
 + Level 10.5 Fire Magic


You had 16 spell levels left.
You knew the following spells:

 Your Spells              Type           Power        Failure   Level  Hunger
a - Flame Tongue          Conj/Fire      #####        1%          1    None
b - Mephitic Cloud        Conj/Pois/Air  #####...     1%          3    None
c - Conjure Flame         Conj/Fire      ######..     1%          3    None
f - Fireball              Conj/Fire      ######....   1%          5    ##.....
s - Sticky Flame          Conj/Fire      ######..     1%          4    None
x - Throw Flame           Conj/Fire      ######       1%          2    None


Dungeon Overview and Level Annotations

Branches:
Dungeon (9/15)             Temple (1/1) D:5            Lair (0/6) D:9
    Orc: D:9-12

Altars:
Ashenzari
Cheibriados
Dithmenos
Elyvilon
Fedhas
Gozag
Hepliaklqana
Kikubaaqudgha
Makhleb
Nemelex Xobeh
Okawaru
Qazlal
Ru
Sif Muna
Trog
Uskayaw
Vehumet
Xom
Yredelemnul
Zin
The Shining One

Shops:
D:4 ?   D:6 [


Message History

Vehumet accepts your kill.
You feel your power returning.
You start resting.
All of the chunks of flesh in your inventory have rotted away.
A crocodile comes into view.
You regained 4 mp, and now have 17/28 mp.
A crocodile is nearby!
Found 14 gold pieces.
Found a staircase to the Lair.
Aim: a crocodile (hasn't noticed you)
The flame tongue hits the crocodile.
Aim: a crocodile (moderately wounded)
The flame tongue hits the crocodile.
The crocodile appears unharmed.
You now have 16/28 mp.
Aim: a crocodile (moderately wounded)
The flame tongue hits the crocodile.
The crocodile appears unharmed.
You now have 15/28 mp.
Aim: a crocodile (moderately wounded)
The flame tongue hits the crocodile.
You now have 14/28 mp.
Aim: a crocodile (moderately wounded)
The flame tongue hits the crocodile.
Aim: a crocodile (heavily wounded)
The sticky flame hits the crocodile.
The crocodile is covered in liquid flames!
The crocodile burns!
The crocodile closely misses you.
You now have 10/28 mp.
The crocodile burns!
You kill the crocodile!
Vehumet accepts your kill.
You feel your power returning.
You regained 2 mp, and now have 12/28 mp.
You start resting.
You are feeling hungry.
You regained 9 mp, and now have 21/28 mp.
You may need something to eat soon, looking for food.
Can't find anything matching that.
Okay, then.
You now have 588 gold pieces (gained 21).
You now have 602 gold pieces (gained 14).
You now have 616 gold pieces (gained 14).
v - 3 scrolls labeled BOQOECLIGIRPH (gained 1)
You now have 636 gold pieces (gained 20).
You open the door.
A bullfrog zombie comes into view.
MP restored: 28
There is an open door here.
Aim: a bullfrog zombie (hasn't noticed you)
Okay, then.
Aim: a bullfrog zombie (hasn't noticed you)
The flame tongue hits the bullfrog zombie.
The bullfrog zombie hits you. The bullfrog zombie barely misses you.
You take 3 damage, and have 47/50 hp.
You now have 27/28 mp.
Aim: a bullfrog zombie (moderately damaged)
The flame tongue hits the bullfrog zombie.
The bullfrog zombie closely misses you.
You now have 26/28 mp.
Aim: a bullfrog zombie (severely damaged)
The flame tongue hits the bullfrog zombie.
The bullfrog zombie hits you.
You take 2 damage, and have 45/50 hp.
You now have 25/28 mp.
Aim: a bullfrog zombie (almost destroyed)
The flame tongue hits the bullfrog zombie.
You destroy the bullfrog zombie!
Vehumet accepts your kill.
You may need something to eat soon, looking for food.
Can't find anything matching that.
Okay, then.
A - 4 royal jellies (gained 1) As you open the door, it creaks loudly!
A two-headed ogre comes into view.
It is wielding a dire flail and a giant spiked club.
The two-headed ogre shouts in stereo!
You regained 2 hp, and now have 47/50 hp.
You regained 2 mp, and now have 27/28 mp.
A two-headed ogre is nearby!
A two-headed ogre is nearby!
MP restored: 28
There is an open door here.
Health restored: 50
Aim: a two-headed ogre, wielding a dire flail and a giant spiked club The sticky flame hits the two-headed ogre.
The two-headed ogre is covered in liquid flames!
The two-headed ogre burns!
The two-headed ogre hits you with a dire flail!
The two-headed ogre hits you with a giant spiked club!!
Ouch! That really hurt!
* * * LOW HITPOINT WARNING * * *
You take 45 damage, and have 5/50 hp.
MASSIVE DAMAGE!!
You now have 24/28 mp.
The two-headed ogre burns!
The two-headed ogre burns!
The two-headed ogre burns!
The two-headed ogre burns!
The two-headed ogre stops burning.
Okay, then.
You see here 4 needles of sleeping.
You are feeling very hungry.
MP restored: 28
There is an open door here.
The two-headed ogre hits you with a dire flail!
You die...

##...#.####..## #.#
.............# #.#######
###.########.# #.......#
###.# ##+## #######.#
....## ##...## #.#
.....# ##.....## #.#
##.#.# ##.......## #.#
#....###.........####...
#.#
.......'.......O@'..(...
#.#
#....###.........####...
#.# #..#># ##.......##
#.# .....# ##.....## #.#
#.#### ##...## #.# #.#
##+## #.# #.##### #.#
#######.# ......#### #.#
#.......#
..[......###.##
#.#######


You could see a two-headed ogre.

Vanquished Creatures
  Psyche (D:8)
  The ghost of drasked the Thaumaturge, a novice DEWz (D:4)
  3 hippogriffs
  Sigmund (D:4)
  10 yaks (D:9)
  A spriggan (D:7)
  A basilisk (D:9)
  Edmund (D:6)
  A water moccasin (D:5)
  3 porcupines (D:9)
  2 sky beasts (D:8)
  2 orc warriors (D:7)
  2 ice beasts
  A phantom (D:6)
  A necrophage (D:7)
  2 ogres
  A centaur (D:7)
  2 big kobolds
  3 crocodiles (D:9)
  2 bullfrogs
  A gnoll sergeant (D:8)
  6 scorpions
  A wyvern skeleton (D:8)
  4 killer bees (D:9)
  A howler monkey (D:4)
  7 crimson imps
  A centaur zombie (D:7)
  2 bullfrog skeletons
  3 bullfrog zombies
  2 hounds
  10 orc priests
  6 orc wizards
  A gnoll shaman (D:8)
  4 iguanas
  9 worker ants
  A killer bee zombie (D:7)
  2 hound skeletons
  A mummy (D:4)
  A worker ant zombie (D:6)
  12 gnolls
  10 adders
  A howler monkey skeleton (D:5)
  A shadow imp (D:5)
  2 oozes
  An adder skeleton (D:6)
  3 adder zombies
  3 worms
  3 dart slugs
  3 leopard geckos
  36 orcs
  7 giant cockroaches
  7 goblins
  3 hobgoblins
  21 jackals
  6 quokkas
  4 ball pythons
  9 bats
  4 frilled lizards
  A hobgoblin zombie (D:4)
  18 kobolds
  A kobold zombie (D:4)
  2 leopard gecko skeletons
  An orc zombie (D:4)
  A quokka skeleton (D:5)
  A quokka zombie (D:6)
  14 rats
279 creatures vanquished.

Vanquished Creatures (others)
  A fungus (D:9)
  2 plants (D:9)
3 creatures vanquished.

Grand Total: 282 creatures vanquished

Notes
Turn   | Place    | Note
-------+----------+-------------------------------------------
     0 | D:1      | drasked the Deep Elf Fire Elementalist began the quest for the Orb.
     0 | D:1      | Reached XP level 1. HP: 10/10 MP: 6/6
   135 | D:1      | Reached XP level 2. HP: 12/15 MP: 1/8
   139 | D:1      | Learned a level 2 spell: Throw Flame
   352 | D:1      | Reached skill level 2 in Conjurations
   558 | D:2      | Found a stormy altar of Qazlal.
   660 | D:2      | HP: 3/15 [worm (12)]
   665 | D:2      | Reached skill level 4 in Fire Magic
   665 | D:2      | Reached XP level 3. HP: 4/19 MP: 3/9
  1357 | D:2      | Found a glowing silver altar of Zin.
  1427 | D:2      | Reached XP level 4. HP: 21/24 MP: 7/11
  1875 | D:3      | Reached skill level 4 in Spellcasting
  1886 | D:3      | Reached skill level 3 in Conjurations
  2136 | D:3      | Learned a level 3 spell: Conjure Flame
  2141 | D:3      | Learned a level 4 spell: Sticky Flame
  2429 | D:3      | Reached XP level 5. HP: 28/28 MP: 7/14
  2722 | D:3      | Reached skill level 5 in Spellcasting
  2752 | D:3      | Reached skill level 4 in Conjurations
  3172 | D:4      | Reached XP level 6. HP: 22/32 MP: 3/16
  3336 | D:4      | Reached skill level 6 in Spellcasting
  3348 | D:4      | Noticed drasked's ghost (novice DEWz)
  4166 | D:4      | Reached skill level 5 in Conjurations
  4222 | D:4      | Killed drasked's ghost
  4222 | D:4      | Reached skill level 7 in Spellcasting
  4222 | D:4      | Reached skill level 5 in Fire Magic
  4222 | D:4      | Reached XP level 7. HP: 26/36 MP: 1/19
  4259 | D:4      | Learned a level 5 spell: Fireball
  4598 | D:4      | Noticed Sigmund
  4653 | D:4      | Killed Sigmund
  4653 | D:4      | Reached skill level 6 in Conjurations
  4687 | D:4      | Found Lies's Magic Scroll Boutique.
  5417 | D:5      | Entered Level 5 of the Dungeon
  5417 | D:5      | Found a staircase to the Ecumenical Temple.
  5426 | Temple   | Entered the Ecumenical Temple
  5667 | Temple   | Became a worshipper of Vehumet
  5729 | D:5      | Reached skill level 8 in Spellcasting
  5729 | D:5      | Reached XP level 8. HP: 37/41 MP: 13/22
  6105 | D:5      | Reached skill level 6 in Fire Magic
  6463 | D:5      | Reached skill level 9 in Spellcasting
  6500 | D:5      | Reached * piety under Vehumet
  6500 | D:5      | Offered knowledge of Sting by Vehumet.
  6909 | D:6      | Reached skill level 7 in Conjurations
  7071 | D:6      | Reached skill level 7 in Fire Magic
  7081 | D:6      | Noticed Edmund
  7101 | D:6      | Killed Edmund
  7351 | D:6      | Found Hefatz's Armour Boutique.
  7434 | D:6      | Reached XP level 9. HP: 45/45 MP: 19/24
  7451 | D:6      | Reached skill level 10 in Spellcasting
  7702 | D:6      | Reached ** piety under Vehumet
  7702 | D:6      | Offered knowledge of Throw Frost by Vehumet.
  7993 | D:6      | Found a blossoming altar of Fedhas.
  8084 | D:7      | Reached skill level 8 in Conjurations
  8574 | D:7      | Reached skill level 8 in Fire Magic
  8955 | D:7      | Offered knowledge of Searing Ray by Vehumet.
  9081 | D:7      | Reached skill level 11 in Spellcasting
  9161 | D:7      | Reached skill level 9 in Conjurations
  9504 | D:7      | Reached skill level 9 in Fire Magic
  9760 | D:8      | Reached XP level 10. HP: 43/50 MP: 20/27
  9778 | D:8      | Reached *** piety under Vehumet
  9826 | D:8      | Noticed Psyche
  9830 | D:8      | Killed Psyche
 10048 | D:8      | Found an opulent altar of Gozag.
 10076 | D:8      | Offered knowledge of Throw Icicle by Vehumet.
 10237 | D:8      | Found a glowing golden altar of the Shining One.
 10387 | D:8      | Found a shadowy altar of Dithmenos.
 10503 | D:8      | Reached skill level 12 in Spellcasting
 10690 | D:9      | Reached skill level 10 in Conjurations
 10708 | D:9      | Reached skill level 10 in Fire Magic
 11059 | D:9      | Reached **** piety under Vehumet
 11282 | D:9      | Offered knowledge of Mephitic Cloud by Vehumet.
 11287 | D:9      | Learned a level 3 spell: Mephitic Cloud
 11310 | D:9      | Found a staircase to the Lair.
 11480 | D:9      | Noticed a two-headed ogre
 11523 | D:9      | HP: 5/50 [two-headed ogre/dire flail (26)]
 11585 | D:9      | Slain by a two-headed ogre

Vault maps used:
D:1:      lightli_arrival_lavapool
D:2:      lemuel_round_altar, grunt_qazlal_sundering, first_bread,
          dk_vineyard_3, minmay_tiny_reverse_x
D:4:      serial_shops, shop, minmay_mini_ossuary, uniq_sigmund
D:5:      minmay_temple_entry_overgrown, minmay_checkerbox
D:6:      serial_shops, shop, fedhas_altar_4, uniq_edmund
D:7:      the_bakery
D:8:      nicolae_dithmenos_shadow_blocks, grunt_gozag_statues, tso_metal_star,
          uniq_psyche
D:9:      minmay_lair_entry_grove, serial_shops, shop, uniq_erica
Temple:   eino_temple_scatter_basement

Skill      XL: |  1  2  3  4  5  6  7  8  9 10 |
---------------+-------------------------------+-----
Conjurations   | 2 3 4 5 6 7 9 10 | 10.9
Fire Magic     | 4 5 7 9 10 | 10.5
Spellcasting   | 4 5 7 8 9 11 12 | 12.9
Dodging        | |  2.4
Stealth        | |  2.4

Action                   |  1- 3 |  4- 6 |  7- 9 | 10-12 || total
-------------------------+-------+-------+-------+-------++-------
Melee: Dagger            |    15 |     3 |    57 |       ||    75
       Whip              |       |       |   106 |       ||   106
       Flail             |       |       |   110 |     1 ||   111
 Cast: Flame Tongue      |    62 |   111 |   186 |    76 ||   435
       Throw Flame       |    11 |    33 |    72 |    46 ||   162
       Conjure Flame     |       |     5 |       |     3 ||     8
       Sticky Flame      |       |       |    27 |     3 ||    30
       Fireball          |       |       |     1 |     9 ||    10
  Use: Scroll            |       |     2 |       |     1 ||     3
 Stab: Sleeping          |     1 |     3 |       |       ||     4
  Eat: Chunk             |     1 |     9 |    12 |     5 ||    27
       Fruit             |       |     1 |     8 |       ||     9
Armor: Robe              |     8 |    14 |    92 |     4 ||   118
Dodge: Dodged            |    27 |    26 |   214 |    18 ||   285
Block: Other             |       |     5 |    24 |       ||    29

Vault maps used:
D:1:      lightli_arrival_lavapool
D:2:      lemuel_round_altar, grunt_qazlal_sundering, first_bread,
          dk_vineyard_3, minmay_tiny_reverse_x
D:4:      serial_shops, shop, minmay_mini_ossuary, uniq_sigmund
D:5:      minmay_temple_entry_overgrown, minmay_checkerbox
D:6:      serial_shops, shop, fedhas_altar_4, uniq_edmund
D:7:      the_bakery
D:8:      nicolae_dithmenos_shadow_blocks, grunt_gozag_statues, tso_metal_star,
          uniq_psyche
D:9:      minmay_lair_entry_grove, serial_shops, shop, uniq_erica
Temple:   eino_temple_scatter_basement

Table legend:
 A = Turns spent in this place as a percentage of turns spent in the entire game.
 B = Non-inter-level travel turns spent in this place as a percentage of non-inter-level travel turns spent in the entire game.
 C = Inter-level travel turns spent in this place as a percentage of turns spent in this place.
 D = Turns resting spent in this place as a percentage of non-inter-level travel turns spent in this place.
 E = Turns spent auto-exploring this place as a percentage of non-inter-level travel turns spent in this place.
 F = Non-inter-level travel turns spent in this place divided by the number of levels of this place that you've seen.
                   A       B       C       D       E      F
               +-------+-------+-------+-------+-------+----------------------
         Total | 100.0 | 100.0 |   0.4 |   3.9 |   8.2 | 382.2
       Dungeon |  98.7 |  98.8 |   0.3 |   3.9 |   7.7 | 419.6
        Temple |   1.3 |   1.2 |   4.2 |   4.3 |  45.7 |  46.0
               +-------+-------+-------+-------+-------+----------------------

Table legend:
 A = Kills in this place as a percentage of kills in entire the game.
 B = Kills by you in this place as a percentage of kills by you in the entire game.
 C = Kills by friends in this place as a percentage of kills by friends in the entire game.
 D = Other kills in this place as a percentage of other kills in the entire game.
 E = Experience gained in this place as a percentage of experience gained in the entire game.
 F = Experience gained in this place divided by the number of levels of this place that you have seen.
                   A       B       C       D       E      F
               +-------+-------+-------+-------+-------+----------------------
         Total | 100.0 | 100.0 |  -nan |  -nan | 100.0 | 1054.7
       Dungeon | 100.0 | 100.0 |  -nan |  -nan | 100.0 | 1171.9
               +-------+-------+-------+-------+-------+----------------------
